AoeStats
← Benj. Franklin

Black Forest

509103248Analyzed
2v2 RM · 6d ago on Sep 25, 2026· 39m 27s· 4 players
Game mode
Random Map
Map size
Medium (4 player)
Population
200
Speed
Normal
Resources
Standard
Victory
Conquest
Starting age
Dark Age
Ending age
Imperial Age
RankedLock teamsTeams togetherTeam positionsShared explorationLock speedFull tech treeHidden civsTurbo modeCheats
Victory
Defeat
🇱🇹 Mongols · Lithuania
897
+48
🇱🇹 Spanish · Lithuania
859
+43
🇹🇹 Burgundians · Trinidad & Tobago
1016
-22
🇩🇰 Teutons · Denmark
947
-19
bancilagabrielfw
9:52 Feudal Age
10:24 Double-Bit Axe
19:31 Castle Age
18:46 Wheelbarrow
17:52 Horse Collar
21:32 Bow Saw
22:19 Bloodlines
27:37 Ballistics
36:53 Hand Cart
Immortalz
0:29 Loom
14:41 Feudal Age
13:06 Double-Bit Axe
19:54 Castle Age
20:35 Bow Saw
24:29 Horse Collar
25:29 Stone Mining
25:31 Gold Mining
27:04 Wheelbarrow
26:17 Town Watch
30:25 Burgundian Vineyards
34:44 Imperial Age
32:36 Cavalier
33:20 Husbandry
32:44 Cavalier
33:33 Scale Barding Armor
33:43 Forging
34:48 Paladin
36:04 Hand Cart
36:43 Chain Barding Armor
36:59 Iron Casting
37:23 Pikeman
38:35 Fletching
38:51 Fletching
40:01 Blast Furnace
39:01 Scale Mail Armor
Benj. Franklin
3:29 Loom
11:52 Feudal Age
16:56 Castle Age
16:16 Double-Bit Axe
26:18 Horse Collar
30:34 Wheelbarrow
31:07 Stone Mining
31:09 Gold Mining
32:29 Murder Holes
33:10 Ballistics
32:54 Heavy Plow
33:10 Hand Cart
33:14 Bow Saw
33:47 Stone Shaft Mining
37:30 Imperial Age
37:54 Scale Barding Armor
40:09 Chemistry
38:32 Elite Conquistador
39:37 Conscription
40:42 Two-Man Saw
Rimtega
1:26 Loom
11:44 Feudal Age
12:13 Double-Bit Axe
14:48 Horse Collar
20:24 Castle Age
21:39 Heavy Plow
21:50 Bow Saw
23:28 Stone Mining
23:29 Gold Mining
24:53 Scale Mail Armor
24:59 Scale Barding Armor
24:56 Scale Mail Armor
27:30 Wheelbarrow
30:04 Hand Cart
30:55 Husbandry
32:08 Bloodlines
32:20 Chain Barding Armor
32:15 Chain Mail Armor
34:47 Gold Shaft Mining
34:48 Stone Shaft Mining
37:44 Imperial Age
37:55 Elite Steppe Lancer
37:56 Heavy Camel Rider
39:03 Drill
38:05 Onager
Connection lost

Rejoining the realm…

Still unreachable

The connection could not be restored.

Session expired

The server has moved on; the page needs a fresh start.